 Dungeon Crawl Stone Soup version 0.19.1-1-g22dce08 (webtiles) character file.

19 M4edhros the Grave Robber (level 2, 0/17 HPs)
             Began as an Octopode Necromancer on Jan 3, 2017.
             Slain by a jackal (1 damage)
             ... on level 4 of the Dungeon.
             The game lasted 00:01:35 (357 turns).

M4edhros the Grave Robber (Octopode Necromancer)     Turns: 357, Time: 00:01:35

Health: 0/17       AC:  1    Str:  7    XL:     2   Next: 75%
Magic:  3/5        EV: 13    Int: 20    God:
Gold:   58         SH:  0    Dex: 12    Spells: 2 memorised, 3 levels left

rFire  . . .     SeeInvis .       - Unarmed
rCold  . . .     Gourm    .     (no shield)
rNeg   . . .     Faith    .     (helmet restricted)
rPois  .         Spirit   .     (no amulet)
rElec  .         Reflect  .     e - +3 ring of intelligence
rCorr  .         Harm     .     (no ring)
MR     .....                    (no ring)
Stlth  +++.......               (no ring)
                                (no ring)
                                (no ring)
                                (no ring)
                                (no ring)

@: lethally poisoned (0 -> -1), very slightly contaminated
A: almost no armour, stealthy swim, amphibious, 8 rings, constrict 8, camouflage
1, gelatinous body 1
a: no special abilities


You were on level 4 of the Dungeon.
You were not hungry.

You visited 1 branch of the dungeon, and saw 4 of its levels.

You collected 58 gold pieces.

Inventory:

Missiles
 c - 5 javelins (quivered)
Jewellery
 e - a +3 ring of intelligence (left tentacle)
Books
 a - a book of Necromancy

   Spells                             Type                      Level
   a - Pain                           Necromancy                   1
   b - Animate Skeleton               Necromancy                   1
   c - Vampiric Draining              Necromancy                   3
   d - Regeneration                   Charms/Necromancy            3
   e - Animate Dead                   Necromancy                   4
   f - Control Undead                 Necromancy                   4
Comestibles
 b - a bread ration
 f - a chunk of flesh


   Skills:
 - Level 2.0 Dodging
 - Level 2.6 Stealth
 + Level 2.2 Unarmed Combat
 - Level 2.0 Spellcasting
 - Level 4.0 Necromancy


You had 3 spell levels left.
You knew the following spells:

 Your Spells              Type           Power        Failure   Level  Hunger
a - Pain                  Necr           ###.         2%          1    #......
b - Animate Skeleton      Necr           N/A          2%          1    #......


Dungeon Overview and Level Annotations

Branches:
Dungeon (4/15)
 Temple: D:4-7

Altars:
Sif Muna


Innate Abilities, Weirdness & Mutations

You cannot wear most types of armour.
You are very stealthy in the water. (Stealth+)
You are amphibious.
You can wear up to eight rings at the same time.
You can use your tentacles to constrict eight enemies at once.
Your skin changes colour to match your surroundings (Stealth+).
Your rubbery body absorbs attacks. (AC +1, EV +1)


Message History

As you read the scroll labeled YCIKHE GEGUSS, it crumbles to dust.
It is a scroll of enchant weapon.
You aren't carrying any weapons that can be enchanted.
* * * LOW HITPOINT WARNING * * *
You feel sick.
Unknown command.
The jackal barely misses you. x2
You aren't carrying any potions.
Sorry, you're not good enough to have a special ability.
Unknown command.
Your adder skeleton barely misses the worker ant.
Casting: Animate Skeleton
Confirm with . or Enter, or press ? or * to list all spells.
Aiming: Pain
Press: ? - help, Shift-Dir - straight line, f - jackal
Aim: a jackal (chance to defeat MR: 89%)
The jackal writhes in agony!
* * * LOW HITPOINT WARNING * * *
You feel sick. The jackal barely misses you. The jackal bites you.
You die...

... .... ...# ....
.# #..####..####.#
###............
.............#
.....?.......#
.............#
.......@#..#
.##.###hh#.########
##.aZ..)....#
###........#
#........######
#..............
#........#####.
#........# #.
#.....%..# #.


You could see a worker ant, 2 jackals and a friendly adder skeleton.

Vanquished Creatures
  An adder (D:4)
  A dart slug (D:3)
  A giant cockroach (D:2)
  A hobgoblin (D:2)
  A kobold (D:2)
  A quokka (D:4)
6 creatures vanquished.

Vanquished Creatures (collateral kills)
  A leopard gecko (D:4)
  A jackal (D:4)
2 creatures vanquished.

Grand Total: 8 creatures vanquished

Notes
Turn   | Place    | Note
-------+----------+-------------------------------------------
     0 | D:1      | M4edhros the Octopode Necromancer began the quest for the Orb.
     0 | D:1      | Reached XP level 1. HP: 11/11 MP: 3/3
    80 | D:2      | Reached skill level 1 in Unarmed Combat
    98 | D:3      | Reached XP level 2. HP: 10/17 MP: 5/5
   116 | D:3      | Found a deep blue altar of Sif Muna.
   297 | D:4      | Learned a level 1 spell: Animate Skeleton
   357 | D:4      | Slain by a jackal

Skill      XL: |  1  2 |
---------------+-------+-----
Unarmed Combat | 1 2 |  2.2
Dodging        | |  2.0
Stealth        | |  2.6
Spellcasting   | |  2.0
Necromancy     | |  4.0

Action                   || total
-------------------------++-------
Melee: Unarmed           ||    23
       Tentacles         ||     6
       Constrict         ||     8
 Cast: Animate Skeleton  ||     2
       Pain              ||     1
  Use: Scroll            ||     2
 Stab: Sleeping          ||     2
Armor: Skin              ||     3
Dodge: Dodged            ||    20
